 Dungeon Crawl Stone Soup version 0.30-a0-757-ga6a79fd877 (webtiles) character file.

Game seed: 16186791900059947039

32 sircluck the Shooter (level 3, -7/18 HPs)
             Began as a Spriggan Hunter on Feb 9, 2023.
             Killed by nerve-wracking pain
             ... invoked by Jessica
              (14 damage)
             ... on level 2 of the Dungeon.
             The game lasted 00:01:55 (797 turns).

sircluck the Shooter (Spriggan Hunter)               Turns: 797, Time: 00:01:56

Health: -7/18      AC:  2    Str:  7    XL:     3   Next: 8%
Magic:  4/4        EV: 18    Int: 16    God:
Gold:   69         SH:  0    Dex: 20    Spells: 2/2 levels left

rFire   . . .      SeeInvis +    a - +0 shortbow
rCold   . . .      Faith    .    (shield currently unavailable)
rNeg    . . .      Spirit   .    c - +0 robe
rPois   .          Reflect  .    (helmet restricted)
rElec   .          Harm     .    (no cloak)
rCorr   .          Rampage  .    (gloves unavailable)
Will    .....                    (boots unavailable)
Stlth   ++                       (no amulet)
HPRegen 0.23/turn                f - +6 ring of intelligence
MPRegen 0.09/turn                (no ring)

@: very quick
A: very small, no large weapons, unfitting armour, see invisible, speed 3
a: no special abilities


You were on level 2 of the Dungeon.
You visited 1 branch of the dungeon, and saw 2 of its levels.

You collected 69 gold pieces.

Inventory:

Hand Weapons
 a - a +0 shortbow (weapon)
Armour
 c - a +0 robe (worn)
Jewellery
 f - a +6 ring of intelligence (left hand)
Scrolls
 b - a scroll of immolation
 d - a scroll of identify {unknown}
 e - a scroll of teleportation {unknown}
 h - 2 scrolls of brand weapon {unknown}
Potions
 g - a potion of might {unknown}


   Skills:
 + Level 1.6 Fighting
 + Level 4.9 Ranged Weapons
 + Level 2.8 Dodging
 + Level 1.5 Stealth


You had 2 spell levels left.
You didn't know any spells.
Your spell library contained the following spells:

 Spells                   Type           Power      Damage    Failure   Level
 Shock                    Conj/Air       0%         1d3       26%         1
 Swiftness                Air            0%         N/A       58%         3
 Airstrike                Air            0%         2d(0-16)  94%         4


Dungeon Overview and Level Annotations

Branches:
Dungeon (2/15)

Altars:

Annotations:
D:2 Jessica


Innate Abilities, Weirdness & Mutations

You are very small and have problems with some larger weapons.
You are too small for most types of armour.
You have supernaturally acute eyesight. (SInv)
You cover ground extremely quickly. (Speed+++)


Message History

You shoot an arrow. The arrow closely misses Jessica.
The arrow hits the jackal.
The jackal is severely wounded.
Jessica gestures wildly while chanting.
Jessica blinks!
A ball python comes into view.
Jessica closely misses you.
You shoot an arrow. The arrow closely misses Jessica.
The arrow closely misses the jackal.
Jessica hits you but does no damage. Jessica misses you.
You shoot an arrow. The arrow hits Jessica!
Jessica is almost dead.
Jessica misses you. Jessica completely misses you.
You shoot an arrow. The arrow barely misses Jessica.
The arrow barely misses the jackal.
The arrow hits the jackal!
You kill the jackal!
Jessica points at you and mumbles some strange words.
Pain shoots through your body!
Ouch! That really hurt!
Jessica misses you.
You are too injured to fight recklessly!
You are too injured to fight recklessly!
You are too injured to fight recklessly!
You are too injured to fight recklessly!
You are too injured to fight recklessly!
You are too injured to fight recklessly!
You are too injured to fight recklessly!
You are too injured to fight recklessly!
You are too injured to fight recklessly!
You are too injured to fight recklessly!
You are too injured to fight recklessly!
You are too injured to fight recklessly!
You are too injured to fight recklessly!
You are too injured to fight recklessly!
Jessica points at you and mumbles some strange words.
You easily resist.
Jessica points at you and mumbles some strange words.
Pain shoots through your body!
Ouch! That really hurt!
You die...

#..+....# #.##....#
##'##....# #....#'###
#....#...#########
#....###.##......#
#....+...##......# #####
#....##..##......#####S.....
##'####...'.....@..@hhh.....
.....###.##.......####......
#..#.###.####.....# .....
#........# #.....# ....
#.####.######.....# ... #.#
#.......#.....# . ..
#.###.#..##.#.....# .# .
#...#.##..#.......##...
#.###.###.#####.......#


You could see Jessica (fast), 3 jackals and a ball python.

Vanquished Creatures
  A dart slug (D:1)
  7 bats (D:1)
  2 endoplasms (D:1)
  3 giant cockroaches (D:1)
  2 goblins (D:1)
  A jackal (D:2)
  A quokka (D:1)
  4 ball pythons (D:1)
  A frilled lizard (D:1)
  3 kobolds (D:1)
  4 rats (D:1)
29 creatures vanquished.

Notes
Turn   | Place    | Note
-------+----------+-------------------------------------------
     0 | D:1      | sircluck the Spriggan Hunter began the quest for the Orb.
     0 | D:1      | Reached XP level 1. HP: 10/10 MP: 2/2
   103 | D:1      | Reached XP level 2. HP: 14/14 MP: 3/3
   439 | D:1      | Reached XP level 3. HP: 18/18 MP: 4/4
   787 | D:2      | Noticed Jessica
   797 | D:2      | Killed from afar by Jessica

Illustrated notes

Levels and vault maps discovered:
D:1:      enne_arrival_octagon_isle, layout_basic, minmay_pentomino_r4
D:2:      layout_basic, grunt_ministairs_6, nicolae_wormholes, uniq_jessica

Action                     || total
---------------------------++-------
   Fire: Shortbow          ||    70
    Use: Potion            ||     1
 Armour: Robe              ||     8
  Dodge: Dodged            ||    23

Table legend: (Time is in decaauts)
 A = Elapsed time spent in this place.
 B = Non-inter-level travel time spent in this place.
 C = Inter-level travel time spent in this place.
 D = Time resting spent in this place.
 E = Time spent auto-exploring this place.
 F = Levels seen in this place.
 G = Mean time per level.
                   A        B        C        D        E       F      G
               +--------+--------+--------+--------+--------+-----+--------+
         Total |    550 |    499 |     51 |      0 |    358 |   2 |  275.0 |
       Dungeon |    550 |    499 |     51 |      0 |    358 |   2 |  275.0 |
               +--------+--------+--------+--------+--------+-----+--------+

Top non-repeatable levels by time:
     D:1: 480 daAuts
     D:2: 70 daAuts
